cohdb
Replays
Latest Replays
All Replays
Popular Replays
Top Player Replays
Match Explorer
How It Works
Community
CoH3 Stats
Reddit
Sign in to upload your games and track your stats! →
Sign in with Steam
Match 43668390
Unlisted
Match 43668390
Overview
Messages
Build Orders
End
Construct Infanterie Kompanie
MG 42 Machine Gun Team
Kettenkrad Recon Vehicle
Selects Luftwaffe Battlegroup
GrW 34 Mortar Team
MG 42 Machine Gun Team
GrW 34 Mortar Team
MG 42 Bunker
Selects Luftwaffe Pioneer Support
Selects Flak 38 Anti-Air Emplacement
Construct Panzergrenadier Kompanie
lvwei889988
perroDINAMITA
Death Engine
hogarthw
Volvo 240
Rafał
Michi
515883470
0
0
Comments
sign in to comment!
No comments posted yet!